 Dungeon Crawl Stone Soup version 0.32-a0-391-gce5c0aab1b (webtiles) character file.

Game seed: 1051537824586284862

492 cforsyth the Slasher (level 7, -3/55 HPs)
             Began as a Coglin Gladiator on Feb 20, 2024.
             Slain by Edmund
             ... wielding a +6 dire flail of protection
              (5 damage)
             ... on level 4 of the Dungeon.
             The game lasted 00:04:16 (2497 turns).

cforsyth the Slasher (Coglin Gladiator)             Turns: 2497, Time: 00:04:16

Health: -3/55      AC:  8    Str: 15    XL:     7   Next: 14%
Magic:  7/7        EV: 12    Int:  7    God:
Gold:   134        SH:  0    Dex: 17    Spells: 6/6 levels left

rFire   . . .        a - +0 long sword {Zhen}
rCold   . . .        i - +1 short sword (venom) {Shi}
rNeg    . . .        t - +0 ring mail
rPois   .            c - +0 helmet
rElec   .            (no cloak)
rCorr   .            q - +0 pair of gloves
SInv    .            v - +0 pair of boots
Will    .....        (no amulet)
Stlth   +            Z - ring of wizardry
HPRegen 0.29/turn    (no ring)
MPRegen 0.10/turn

%: wizardry (x1)
@: studying Ranged Weapons, revved, stiff-legged, very slow
A: off-hand wielding, slow wielding, warmup strikes, warmup strides
a: no special abilities


You were on level 4 of the Dungeon.
You visited 1 branch of the dungeon, and saw 4 of its levels.

You collected 134 gold pieces.


Innate Abilities, Weirdness & Mutations

You can wield a second weapon in your off-hand.
It takes a long time for you to wield or remove held weapons.
Your first few attacks do less damage.
Your first movements take longer.


   Skills:
 + Level 4.6 Fighting
 + Level 5.1 Long Blades
 - Level 1.7 Throwing
 + Level 4.6 Dodging


You had 6 spell levels left.
You didn't know any spells.
Your spell library contained the following spells:

 Spells                   Type           Power      Damage    Failure   Level
 Magic Dart               Conj           0%         1d3       34%         1
 Blink                    Tloc           0%         N/A       45%         2
 Call Imp                 Summ           0%         N/A       45%         2

Inventory:

Hand Weapons
 a - a +0 long sword (weapon) {Zhen}
 i - a +1 short sword of venom (worn) {Shi}
Missiles
 d - 4 throwing nets (quivered) {=f}
 e - a javelin
Armour
 c - a +0 helmet (worn)
 q - a +0 pair of gloves (worn)
 t - a +0 ring mail (worn)
 v - a +0 pair of boots (worn)
Magical Staves
 m - a staff of earth {!a}
Jewellery
 Z - a ring of wizardry (left grasper)
Wands
 k - a wand of flame (15)
 s - a wand of paralysis (4)
Scrolls
 g - 3 scrolls of enchant weapon {unknown}
 j - a scroll of fog {unknown}
 n - a scroll of teleportation {unknown}
 p - 2 scrolls of identify {unknown}
Potions
 f - a potion of attraction {unknown}
 h - a potion of degeneration {unknown}
 o - a potion of enlightenment {unknown}

Dungeon Overview and Level Annotations

Branches:
Dungeon (4/15)
 Temple: D:4-7

Altars:
Gozag
Qazlal

Annotations:
D:4 Edmund

...#...)....#
...#........#
...#........#
.#.#........#######+####
##.#####'##.............
#.......................
#...........#...........
#...........#...........
#...........#...@†......
#...........#....@......
#...........#...........
####.##..####...........
####.##..## ############
..........# ..........#
..........# ..........#


You could see Edmund (extremely poisoned).


Message History

Edmund is severely wounded.
You hit Edmund but do no damage.
Edmund hits you with a +6 dire flail of protection.
* * * LOW HITPOINT WARNING * * *
You hit Edmund but do no damage.
Edmund looks as sick as possible!
Edmund is severely wounded.
You hit Edmund with your +0 long sword.
Edmund hits you with a +6 dire flail of protection!
* * * LOW HITPOINT WARNING * * *
Unknown command.
It was a potion of lignification.
You turn into a tree.
Your +0 helmet melds into your body.
Your +0 pair of gloves melds into your body.
Your +0 pair of boots melds into your body.
Your +0 ring mail melds into your body.
Your roots penetrate the ground.
Edmund hits you but does no damage.
It was a potion of cancellation.
Your magical effects are unravelling.
You feel magically purged.
You feel less wooden.
Your +0 helmet unmelds from your body.
Your +0 pair of gloves unmelds from your body.
Your +0 pair of boots unmelds from your body.
Your +0 ring mail unmelds from your body.
Edmund closely misses you.
Unknown command.
It was a potion of magic.
Magic courses through your body.
Edmund hits you with a +6 dire flail of protection.
You die...
Edmund says, "I'd like to see a scythe do that!"

Skill      XL: |  1  2  3  4  5  6  7 |
---------------+----------------------+-----
Dodging        | 3 4 |  4.6
Fighting       | 3 4 |  4.6
Long Blades    | 4 5 |  5.1
Throwing       | |  1.7

Action                     |  1- 3 |  4- 6 |  7- 9 || total
---------------------------+-------+-------+-------++-------
  Melee: Long sword        |    54 |    82 |    35 ||   171
         Dagger            |    36 |       |       ||    36
         Short sword       |     1 |    75 |    32 ||   108
    Use: Potion            |       |       |     3 ||     3
   Stab: Sleeping          |     2 |     2 |       ||     4
 Armour: Leather armour    |    35 |    47 |     3 ||    85
         Ring mail         |       |       |    21 ||    21
         Skin              |       |       |     1 ||     1
  Dodge: Dodged            |    28 |    53 |    12 ||    93

Levels and vault maps discovered:
D:1:      minmay_arrival_semitransparent, layout_loops_cross
D:2:      layout_basic, hellmonk_ecumenical_altar_heavens_door,
          minmay_lizard_pond, uniq_sigmund
D:3:      layout_basic, grunt_qazlal_sundering, mainiacjoe_overflow_chevrons,
          serial_glass, glass_columns_c, glass_columns_a, glass_columns_b,
          glass_columns_a, glass_columns_b, uniq_ijyb
D:4:      layout_gridville, uniq_edmund, uniq_duvessa

Notes
Turn   | Place    | Note
-------+----------+-------------------------------------------
     0 | D:1      | cforsyth the Coglin Gladiator began the quest for the Orb.
     0 | D:1      | Reached XP level 1. HP: 16/16 MP: 1/1
    52 | D:1      | Reached XP level 2. HP: 22/22 MP: 2/2
   112 | D:1      | Reached skill level 3 in Dodging
   177 | D:1      | Reached XP level 3. HP: 27/28 MP: 3/3
   275 | D:1      | You fall into a shaft and drop 1 floor!
   284 | D:2      | Found a faded altar of an unknown god.
   726 | D:2      | Reached XP level 4. HP: 34/34 MP: 4/4
   823 | D:2      | Reached skill level 3 in Fighting
   938 | D:2      | Noticed Sigmund
   949 | D:2      | Killed Sigmund
   950 | D:2      | Reached skill level 4 in Long Blades
   950 | D:2      | Reached skill level 4 in Dodging
   950 | D:2      | Reached XP level 5. HP: 38/42 MP: 5/5
   950 | D:2      | Reached XP level 6. HP: 43/48 MP: 6/6
  1423 | D:3      | Noticed Ijyb
  1430 | D:3      | Killed Ijyb
  1431 | D:3      | Reached skill level 4 in Fighting
  1684 | D:3      | Found a stormy altar of Qazlal.
  2010 | D:3      | Found an opulent altar of Gozag.
  2031 | D:3      | Reached XP level 7. HP: 55/55 MP: 7/7
  2207 | D:4      | Reached skill level 5 in Long Blades
  2475 | D:4      | Noticed Edmund
  2494 | D:4      | HP: 1/55 [Edmund/+6 dire flail of protection (8)]
  2497 | D:4      | Slain by Edmund

Vanquished Creatures
  Sigmund (D:2)
  An ogre (D:3)
  A jelly (D:4)
  A hound (D:3)
  Ijyb (D:3)
  6 adders
  2 dart slugs
  A ribbon worm (D:2)
  An orc (D:3)
  3 endoplasms
  2 giant cockroaches
  9 goblins
  4 hobgoblins
  4 jackals (D:1)
  8 kobolds
  3 quokkas
  7 ball pythons
  3 bats
  13 frilled lizards
  3 rats
74 creatures vanquished.

Table legend: (Time is in decaauts)
 A = Elapsed time spent in this place.
 B = Non-inter-level travel time spent in this place.
 C = Inter-level travel time spent in this place.
 D = Time resting spent in this place.
 E = Time spent auto-exploring this place.
 F = Levels seen in this place.
 G = Mean time per level.
                   A        B        C        D        E       F      G
               +--------+--------+--------+--------+--------+-----+--------+
         Total |   2590 |   2502 |     88 |    111 |   1875 |   4 |  647.5 |
       Dungeon |   2590 |   2502 |     88 |    111 |   1875 |   4 |  647.5 |
               +--------+--------+--------+--------+--------+-----+--------+

Top non-repeatable levels by time:
     D:2: 1247 daAuts
     D:3: 720 daAuts
     D:4: 332 daAuts
     D:1: 289 daAuts

Table legend:
 A = Non-vault XP
 B = Vault XP
 C = Vault XP percentage of total XP
 D = Non-vault monster count
 E = Vault monster count
 F = Vault count percentage of total count
                 A         B        C        D         E       F
            +---------+---------+-------+---------+---------+-------
      Total |     442 |     261 |  37.1 |      64 |      10 |  13.5
            +---------+---------+-------+---------+---------+-------
        D:1 |      41 |       0 |   0.0 |      16 |       0 |   0.0
        D:2 |      85 |     227 |  72.8 |      19 |       9 |  32.1
        D:3 |     235 |      34 |  12.6 |      19 |       1 |   5.0
        D:4 |      81 |       0 |   0.0 |      10 |       0 |   0.0
            +---------+---------+-------+---------+---------+-------
